 Dungeon Crawl Stone Soup version 0.17-a0-1570-g74b7129 (webtiles) character file.

9343 urechis the Grappler (level 11, -2/113 HPs)
             Began as a Troll Monk on July 23, 2015.
             Slain by a six-headed hydra (10 damage)
             ... on level 2 of the Lair of Beasts.
             The game lasted 00:17:16 (8446 turns).

urechis the Grappler (Troll Monk)                   Turns: 8446, Time: 00:17:16

Health: -2/113     AC:  8    Str: 24    XL:     11   Next: 21%
Magic:  10/10      EV: 10    Int:  6    God:
Gold:   491        SH:  0    Dex: 12    Spells: 0 memorised, 10 levels left

rFire  . . .     SeeInvis +     a - +2 blowgun
rCold  . . .     Clarity  .     l - +0 animal skin
rNeg   . . .     SustAt   .     (no shield)
rPois  .         Gourm    +     r - +2 hat {MR+}
rElec  .         Spirit   .     t - +0 cloak
rCorr  .         Warding  .     (gloves unavailable)
rMut   .         Stasis   .     (boots unavailable)
MR     +....                    (no amulet)
Stlth  ++........               R - ring of see invisible
                                o - +3 ring of slaying

@: very slightly contaminated, invisible, somewhat resistant to hostile
enchantments, unstealthy
A: unfitting armour, claws 3, fast metabolism 3, gourmand, regeneration 2,
shaggy fur 1, tough skin 2
a: no special abilities


You were on level 2 of the Lair of Beasts.
You were very full.

You visited 3 branches of the dungeon, and saw 13 of its levels.
You also visited: Ossuary.

You collected 529 gold pieces.
You spent 38 gold pieces at shops.

Inventory:

Hand weapons
 a - a +2 blowgun (weapon)
Missiles
 c - 6 tomahawks
 f - 33 poisoned needles
 s - 5 large rocks
 G - 4 curare-tipped needles (quivered)
Armour
 l - a +0 animal skin (worn)
 r - a +2 hat of magic resistance (worn)
 t - a +0 cloak (worn)
Jewellery
 h - an uncursed ring of stealth
 o - a +3 ring of slaying (left claw)
 R - a ring of see invisible (right claw)
Scrolls
 g - 7 scrolls of magic mapping
 i - 4 scrolls of fear
 u - 2 scrolls of blinking
 v - a scroll of silence {unknown}
 w - 2 scrolls of recharging {unknown}
 y - a scroll of fog {unknown}
 D - a scroll of enchant armour {unknown}
 H - 7 scrolls of remove curse
 J - 2 scrolls of teleportation {unknown}
 K - a scroll of random uselessness {unknown}
Potions
 e - a potion of heal wounds {unknown}
 j - 7 potions of curing
 k - a potion of mutation {unknown}
 n - 3 potions of flight
 p - a potion of invisibility
 q - a potion of resistance
 z - a potion of cancellation {unknown}
 A - a potion of degeneration {unknown}
 E - a potion of lignification {unknown}
 M - a potion of beneficial mutation {unknown}
 N - a potion of haste {unknown}
Comestibles
 b - 6 bread rations
 d - 3 meat rations
 m - 8 fruits
 I - a royal jelly
 P - 2 beef jerkies
 Q - 7 slices of pizza


   Skills:
 + Level 8.9 Fighting
 - Level 2.4 Dodging
 - Level 1.1 Stealth
 * Level 14.3 Unarmed Combat


You had 10 spell levels left.
You didn't know any spells.

Dungeon Overview and Level Annotations

Branches:
Dungeon (8/15)             Temple (1/1) D:6            Lair (4/8) D:8
  Swamp: Lair:3-6    Shoals: Lair:3-6     Snake: Lair:3-6    Spider: Lair:3-6

Altars:
Ashenzari
Cheibriados
Dithmenos
Elyvilon
Fedhas
Gozag
Kikubaaqudgha
Makhleb
Nemelex Xobeh
Okawaru
Qazlal
Ru
Sif Muna
Trog
Vehumet
Xom
Yredelemnul
Zin
The Shining One

Shops:
D:4 *   D:8 [

Portals:
Ice
Cave: Lair:4

Annotations:
Lair:1 zkyp's ghost, powerful DgHu
Lair:4 exclusion: hydra


Innate Abilities, Weirdness & Mutations

You are too large for most types of armour.
You have claws for hands.
Your metabolism is lightning-fast.
You like to eat raw meat.
You heal very quickly.
You are covered in fur (AC +1).
You have very tough skin (AC +2).


Message History

G - 4 curare-tipped needles (gained 2)
The six-headed hydra barely misses you.
The six-headed hydra bites you but does no damage.
The six-headed hydra closely misses you. x2
The six-headed hydra misses you.
The six-headed hydra bites you but does no damage.
There is a stone staircase leading down here.
You flicker for a moment.
You flicker back into view.
Drink which item? (? for menu, Esc to quit)
You fade into invisibility!
The six-headed hydra bites you!
* * * LOW HITPOINT WARNING * * *
The six-headed hydra bites you but does no damage.
The six-headed hydra bites you.
* * * LOW HITPOINT WARNING * * *
The six-headed hydra barely misses you. The six-headed hydra bites you!
* * * LOW HITPOINT WARNING * * *
The six-headed hydra bites you!
You die...

#. ## #. ...# .#.# ..
#.####.P. . ##
...##P.###.P.....##P.
.. ....#...#..........
##.##..#.....#........
#..#PP.#............#
#......#..# #.P.$.##
#....#..## #.#D...#
#.#.....P#####.@#..##
#.##..###P#...#..##
#.P#..###....#...$#..
#....#>...............
#..##..#.###.....#.#...
####[..##.#...P.#### .#
##...........# .
##.####.....#### ###
##รท.##....


You could see a six-headed hydra.

Vanquished Creatures
  Gastronok (Lair:1)
  Pikel (D:7)
  A black mamba (Lair:2)
  3 orc warriors
  A komodo dragon (Lair:3)
  The ghost of nago the Firebug, an experienced HOFE (Ossuary)
  A wraith (D:7)
  A wyvern (Lair:3)
  A yak (D:7)
  A human (D:7)
  A deep elf mage (D:6)
  Grum (Lair:1)
  A hippogriff (D:8)
  2 wolves (Lair:1)
  2 wargs (D:8)
  A porcupine (Lair:3)
  2 water moccasins
  4 ogres
  An ice beast (D:6)
  2 phantoms
  2 sky beasts
  2 necrophages (D:7)
  A centaur (D:8)
  A crocodile (Lair:2)
  2 elf zombies (D:7)
  3 giant frogs
  2 elf skeletons (D:4)
  9 scorpions
  6 wights (D:7)
  2 crimson imps
  A giant frog zombie (D:6)
  4 hounds
  5 orc wizards
  5 human zombies
  5 orc priests
  4 iguanas
  A giant frog skeleton (D:4)
  8 worker ants
  3 sheep (D:7)
  5 big kobold zombies (Ossuary)
  3 mummies (Ossuary)
  2 hound skeletons
  A hound zombie (D:6)
  Robin (D:2)
  18 adders
  8 gnolls
  10 river rats
  2 scorpion zombies (Ossuary)
  3 shadow imps
  An ooze (D:2)
  5 giant geckos
  29 orcs
  2 ball pythons
  3 bat skeletons
  7 giant cockroaches
  13 hobgoblins
  11 jackals
  5 quokkas
  13 bats
  A giant gecko skeleton (D:6)
  7 giant newts
  2 gnoll zombies (Ossuary)
  34 goblins
  A hobgoblin zombie (Ossuary)
  2 jackal zombies
  15 kobolds
  3 kobold zombies (Ossuary)
  2 orc skeletons (D:4)
  4 orc zombies
  A quokka skeleton (D:4)
  15 rats
324 creatures vanquished.

Vanquished Creatures (others)
  3 slaves (D:7)
  An orc wizard (D:7)
  2 orcs (D:7)
6 creatures vanquished.

Grand Total: 330 creatures vanquished

Notes
Turn   | Place    | Note
--------------------------------------------------------------
     0 | D:1      | urechis the Troll Monk began the quest for the Orb.
     0 | D:1      | Reached XP level 1. HP: 22/22 MP: 0/0
   117 | D:1      | Reached XP level 2. HP: 29/29 MP: 1/1
   760 | D:2      | Noticed Robin
   771 | D:2      | Reached XP level 3. HP: 36/36 MP: 2/2
   800 | D:2      | Killed Robin
   836 | D:2      | Reached skill level 5 in Unarmed Combat
   936 | D:2      | Reached XP level 4. HP: 41/45 MP: 3/3
  1002 | D:2      | Found an opulent altar of Gozag.
  1476 | D:3      | Reached XP level 5. HP: 34/53 MP: 4/4
  1644 | D:3      | Reached skill level 6 in Unarmed Combat
  1699 | D:3      | Noticed a sky beast
  1711 | D:3      | Killed a sky beast
  1711 | D:3      | Reached XP level 6. HP: 48/62 MP: 5/5
  1894 | D:3      | Found a glowing golden altar of the Shining One.
  1976 | D:3      | Found a white marble altar of Elyvilon.
  1976 | D:3      | Found a glowing golden altar of the Shining One.
  1977 | D:3      | Found a glowing silver altar of Zin.
  2052 | D:4      | Found Luamoam's General Store.
  2061 | D:4      | Bought 5 large rocks for 38 gold pieces
  2268 | D:4      | Found a sand-covered staircase.
  2273 | Ossuary  | Entered an ossuary
  2275 | Ossuary  | Noticed nago's ghost (experienced HOFE)
  2284 | Ossuary  | Killed nago's ghost
  2284 | Ossuary  | Reached skill level 7 in Unarmed Combat
  2284 | Ossuary  | Reached XP level 7. HP: 33/71 MP: 6/6
  2396 | Ossuary  | Reached skill level 8 in Unarmed Combat
  2526 | Ossuary  | Reached skill level 5 in Fighting
  2532 | Ossuary  | Reached XP level 8. HP: 65/80 MP: 7/7
  2699 | Ossuary  | Reached skill level 9 in Unarmed Combat
  3023 | D:4      | Found a radiant altar of Vehumet.
  3511 | D:5      | Entered Level 5 of the Dungeon
  3519 | D:5      | Found a deep blue altar of Sif Muna.
  3667 | D:5      | Reached skill level 10 in Unarmed Combat
  3670 | D:5      | HP: 4/83 [gnoll/spear (12)]
  3895 | D:5      | Reached XP level 9. HP: 63/89 MP: 8/8
  4820 | D:6      | Found a shattered altar of Ashenzari.
  5222 | D:6      | Found a staircase to the Ecumenical Temple.
  5273 | Temple   | Entered the Ecumenical Temple
  5342 | D:6      | Reached skill level 11 in Unarmed Combat
  5950 | D:7      | Found a blossoming altar of Fedhas.
  5970 | D:7      | Noticed Pikel
  5971 | D:7      | Paralysed by Pikel for 3 turns
  5979 | D:7      | Killed Pikel
  6213 | D:7      | Reached skill level 12 in Unarmed Combat
  6417 | D:7      | Reached XP level 10. HP: 102/102 MP: 9/9
  6443 | D:7      | Found a basalt altar of Yredelemnul.
  6933 | D:8      | Found Cerok's Antique Armour Shoppe.
  6976 | D:8      | Reached skill level 13 in Unarmed Combat
  6999 | D:8      | Found a staircase to the Lair.
  7755 | Lair:1   | Entered Level 1 of the Lair of Beasts
  7865 | Lair:1   | Noticed Grum
  7872 | Lair:1   | Killed Grum
  7987 | Lair:1   | Noticed Gastronok
  8000 | Lair:1   | Killed Gastronok
  8000 | Lair:1   | Reached skill level 14 in Unarmed Combat
  8000 | Lair:1   | Reached XP level 11. HP: 67/113 MP: 10/10
  8047 | Lair:1   | Noticed zkyp's ghost (powerful DgHu)
  8323 | Lair:4   | Found a frozen archway.
  8323 | Lair:4   | Noticed a four-headed hydra
  8377 | Lair:3   | Noticed a six-headed hydra
  8383 | Lair:3   | Noticed a six-headed hydra
  8446 | Lair:2   | Slain by a six-headed hydra

Vault maps used:
D:1:      dpeg_arrival_pits
D:2:      overflow_temple_1_default, uniq_robin
D:3:      good_gods_temple_1, nicolae_tso_carved_into_rock
D:4:      vehumet_crystals, serial_shops, shop, nicolae_ossuary_entry_catacombs,
          first_bread
D:5:      forest_paths, basic_altar, hangedman_decor_slide_cut,
          hangedman_abyss_or_decor_jellyfish_corner
D:6:      minmay_temple_entry_nine_rooms, basic_altar
D:7:      fedhas_altar_2, grunt_livestock, solitary_fountain,
          lemuel_mausoleum_altar_yredelemnul, uniq_pikel
D:8:      erik_lair_orcish_takeover, serial_shops, shop
Temple:   circular_temple_13
Lair:1:   uniq_grum, uniq_gastronok
Lair:3:   shoals_dummy_entry
Lair:4:   portal_ice_cave_entry_pillars_01, grunt_forest_large_clearings,
          uniq_harold
Ossuary:  ossuary_minmay_scorpions

Action                   |  1- 3 |  4- 6 |  7- 9 | 10-12 || total
-------------------------+-------+-------+-------+-------++-------
Melee: Unarmed           |    83 |   162 |   388 |   195 ||   828
 Fire: Blowgun           |       |       |       |     2 ||     2
Throw: Tomahawk          |       |       |       |     2 ||     2
  Use: Scroll            |       |       |       |    14 ||    14
       Potion            |       |       |       |     2 ||     2
 Stab: Sleeping          |     3 |     3 |     8 |     2 ||    16
  Eat: Chunk             |    10 |    11 |    39 |    21 ||    81
       Fruit             |       |       |     2 |       ||     2
